 Dungeon Crawl Stone Soup version 0.29.0-5-ge4962eb29e (webtiles) character file.

Game seed: 2511187374549153139

325 Godmorgon the Chopper (level 6, 0/52 HPs)
             Began as a Palentonga Fighter on Aug 28, 2022.
             Slain by a gnoll
             ... wielding a +0 spear
             ... led by a gnoll bouda
              (1 damage)
             ... on level 5 of the Dungeon.
             The game lasted 00:12:38 (2801 turns).

Godmorgon the Chopper (Palentonga Fighter)          Turns: 2801, Time: 00:12:38

Health: 0/52       AC:  8    Str: 23    XL:     6   Next: 24%
Magic:  6/6        EV:  7    Int:  8    God:
Gold:   119        SH:  4    Dex: 10    Spells: 5/5 levels left

rFire   . . .      SeeInvis +   b - +0 war axe
rCold   . . .      Faith    .   c - +0 buckler
rNeg    . . .      Spirit   .   d - +0 scale mail
rPois   .          Reflect  .   (no helmet)
rElec   .          Harm     .   (no cloak)
rCorr   .          Rampage  .   m - +0 pair of gloves
Will    .....                   (no barding)
Stlth   ..........              (no amulet)
HPRegen 0.17/turn               (no ring)
MPRegen 0.10/turn               (no ring)

@: flying
A: large, rugged brown scales 3, see invisible, deformed body, roll 1, armoured
tail
a: Rolling Charge


You were on level 5 of the Dungeon.
You visited 1 branch of the dungeon, and saw 4 of its levels.

You collected 119 gold pieces.

Inventory:

Hand Weapons
 a - the +3 woodcutter's axe {vorpal}
   (You took it off a gnoll on level 5 of the Dungeon)

   It inflicts extra damage upon your enemies.
 b - a +0 war axe (weapon)
Missiles
 e - 9 poisoned darts
 p - 2 boomerangs
Armour
 c - a +0 buckler (worn)
 d - a +0 scale mail (worn)
 m - a +0 pair of gloves (worn)
Scrolls
 f - a scroll of magic mapping {unknown}
 h - a scroll of teleportation {unknown}
 j - 2 scrolls of vulnerability {unknown}
 k - 3 scrolls of fear {unknown}
 o - a scroll of torment {unknown}
Potions
 g - a potion of flight
 i - a potion of curing {unknown}
 l - a potion of heal wounds {unknown}
 n - a potion of ambrosia {unknown}


   Skills:
 + Level 4.3 Fighting
 * Level 4.9 Axes
 + Level 3.5 Armour
 - Level 2.6 Shields


You had 5 spell levels left.
You didn't know any spells.
Your spell library was empty.

Dungeon Overview and Level Annotations

Branches:
Dungeon (3/15)

Altars:


Innate Abilities, Weirdness & Mutations

You are completely covered in rugged brown scales. (AC +3, +7% HP)
You have supernaturally acute eyesight. (SInv)
Armour fits poorly on your strangely shaped body.
You can roll at nearby foes to attack.
You have a long armoured tail.


Message History

The gnoll bouda is severely wounded.
The gnoll bouda hits you with a +0 whip.
You closely miss the gnoll bouda.
The gnoll bouda is severely wounded.
The gnoll bouda barely misses you. The gnoll hits you but does no damage.
A gnoll comes into view. It is wielding a +0 spear.
The gnoll bouda barks out a call to the hunt!
The gnoll picks up the pace!
You slash the gnoll bouda!
You kill the gnoll bouda!
The gnoll hits you but does no damage.
The gnoll hits you from afar with a +0 spear.
The gnoll closely misses you. The gnoll hits you but does no damage.
Found an escape hatch in the ceiling.
You block the gnoll's attack. The gnoll hits you with a +0 spear.
You closely miss the gnoll. You hit the gnoll.
The gnoll hits you but does no damage. You block the gnoll's attack.
You slash the gnoll!
You kill the gnoll!
You completely miss the gnoll. The gnoll hits you but does no damage.
The gnoll hits you with a +0 spear.
* * * LOW HITPOINT WARNING * * *
You barely miss the gnoll.
The gnoll is lightly wounded.
The gnoll hits you with a +0 spear.
* * * LOW HITPOINT WARNING * * *
You barely miss the gnoll.
The gnoll is lightly wounded.
A gnoll comes into view. It is wielding a +0 flail.
The gnoll hits you but does no damage.
You hit the gnoll but do no damage.
The gnoll is lightly wounded.
The gnoll hits you with a +0 spear.
* * * LOW HITPOINT WARNING * * *
The gnoll hits you with a +0 spear!
* * * LOW HITPOINT WARNING * * *
It was a potion of flight.
You feel very buoyant.
You fly up into the air.
The gnoll hits you with a +0 spear.
You die...

## #.#### .. ....<
.... #. ...........
..#..........
.#..#........
...#........
#g.#........
#@)......... .
#..)........ .
#.)......... #.
##g...)#.....
#.##............
..#.....#...######
...............
###...################
#.....)..............


You could see 2 gnolls.

Vanquished Creatures
  A gnoll sergeant (D:5)
  2 gnoll boudas (D:5)
  13 gnolls (D:5)
  2 adders (D:2)
  A white imp (D:5)
  2 worms (D:2)
  A dart slug (D:3)
  3 ball pythons (D:1)
  2 bats (D:1)
  6 endoplasms
  3 giant cockroaches (D:1)
  3 goblins (D:1)
  7 hobgoblins
  3 kobolds
  A quokka (D:2)
  2 frilled lizards
  3 rats (D:1)
55 creatures vanquished.

Notes
Turn   | Place    | Note
-------+----------+-------------------------------------------
     0 | D:1      | Godmorgon the Palentonga Fighter began the quest for the
                  | Orb.
     0 | D:1      | Reached XP level 1. HP: 19/19 MP: 1/1
    58 | D:1      | Found a faded altar of an unknown god.
   198 | D:1      | Reached XP level 2. HP: 22/25 MP: 2/2
  1065 | D:2      | Reached XP level 3. HP: 20/31 MP: 3/3
  2313 | D:3      | Reached XP level 4. HP: 37/37 MP: 4/4
  2313 | D:3      | You fall into a shaft and drop 2 floors!
  2313 | D:5      | Entered Level 5 of the Dungeon
  2465 | D:5      | Noticed a gnoll sergeant
  2478 | D:5      | Killed a gnoll sergeant
  2479 | D:5      | Reached XP level 5. HP: 10/44 MP: 5/5
  2784 | D:5      | Reached XP level 6. HP: 44/51 MP: 6/6
  2800 | D:5      | HP: 1/52 [gnoll/+0 spear[a gnoll bouda] (8)]
  2801 | D:5      | Slain by a gnoll

Illustrated notes

Levels and vault maps discovered:
D:1:      dpeg_arrival_arbitrary_c, layout_loops_cross,
          ebering_ecumenical_altar_ruins, kennysheep_crisscross
D:2:      layout_basic
D:3:      minmay_wonky_spiral, layout_rooms, mainiacjoe_overflow_chevrons,
          serial_shops, nicolae_shop_advertising_works
          [nicolae_subvault_shop_adworks], minmay_liquid_box, uniq_grinder
D:5:      layout_basic, lemuel_crystal_altar, kennysheep_mini_moat,
          serial_shops, nicolae_square_shop, pf_guarded_unrand_woodcutter

Skill      XL: |  1  2  3  4  5 |
---------------+----------------+-----
Axes           | 3 4 |  4.9
Armour         | 3 |  3.5
Fighting       | 4 |  4.3
Shields        | |  2.6

Action                   |  1- 3 |  4- 6 || total
-------------------------+-------+-------++-------
Melee: War axe           |    90 |    48 ||   138
       Tailslap          |     3 |     4 ||     7
Throw: Dart              |       |     3 ||     3
 Abil: Rolling Charge    |    27 |    10 ||    37
  Use: Potion            |       |     2 ||     2
Armor: Scale mail        |    33 |    15 ||    48
Dodge: Dodged            |    16 |     6 ||    22
Block: Buckler           |    11 |    10 ||    21
